 Dungeon Crawl Stone Soup version 0.19.5 (webtiles) character file.

1 tidbits the Magician (level 1, -1/11 HPs)
             Began as a High Elf Wanderer on Oct 29, 2017.
             Slain by a leopard gecko (3 damage)
             ... on level 1 of the Dungeon.
             The game lasted 00:02:05 (116 turns).

tidbits the Magician (High Elf Wanderer)             Turns: 116, Time: 00:02:06

Health: -1/11      AC:  2    Str: 13    XL:     1   Next: 16%
Magic:  3/4        EV: 11    Int: 15    God:
Gold:   27         SH:  0    Dex: 12    Spells: 1 memorised, 3 levels left

rFire  . . .     SeeInvis .     a - +0 club
rCold  . . .     Gourm    .     B - +0 robe
rNeg   . . .     Faith    .     (no shield)
rPois  .         Spirit   .     (no helmet)
rElec  .         Reflect  .     (no cloak)
rCorr  .         Harm     .     (no gloves)
MR     .....                    (no boots)
Stlth  ++........               (no amulet)
                                (no ring)
                                (no ring)

@: no status effects
A: no striking features
a: no special abilities


You were on level 1 of the Dungeon.
You were not hungry.

You visited 1 branch of the dungeon, and saw 1 of its levels.

You collected 27 gold pieces.

Inventory:

Hand Weapons
 a - a +0 club (weapon)
 b - a +0 hunting sling
   (You found it on level 1 of the Dungeon)
Armour
 B - a +0 robe (worn)
Books
 d - a book of Geomancy

   Spells                             Type                      Level
   a - Sandblast                      Earth                        1
   b - Passwall                       Transmutation/Earth          2
   c - Stone Arrow                    Conjuration/Earth            3
   d - Petrify                        Transmutation/Earth          4
   e - Lee's Rapid Deconstruction     Earth                        5
 e - the Collected Works on Toxins

   Spells                             Type                      Level
   a - Sting                          Conjuration/Poison           1
   b - Ignite Poison                  Fire/Transmutation/Poison    3
Comestibles
 c - a slice of pizza
 f - 3 bread rations
 g - a meat ration


   Skills:
 - Level 1.1 Stealth
 - Level 2.4 Spellcasting
   Level 1.7 Summonings
   Level 1.0 Necromancy
   Level 1.1 Transmutations
 + Level 0.2 Earth Magic
   Level 1.5 Poison Magic
   Level 1.0 Evocations


You had 3 spell levels left.
You knew the following spells:

 Your Spells              Type           Power        Failure   Level  Hunger
a - Sandblast             Erth           #.....       21%         1    #......


Dungeon Overview and Level Annotations

Branches:
Dungeon (1/15)

Altars:


Message History

The hobgoblin is heavily wounded.
The hobgoblin closely misses you.
You closely miss the hobgoblin.
The hobgoblin is heavily wounded.
The hobgoblin hits you. The hobgoblin barely misses you.
You hit the hobgoblin but do no damage.
The hobgoblin is moderately wounded.
The hobgoblin barely misses you.
You hit the hobgoblin.
You kill the hobgoblin!
You swing at nothing.
You swing at nothing.
You swing at nothing.
You swing at nothing.
You swing at nothing.
You swing at nothing.
You swing at nothing.
You swing at nothing.
You swing at nothing.
You swing at nothing.
You swing at nothing.
You swing at nothing.
You swing at nothing.
You swing at nothing.
You swing at nothing.
You swing at nothing.
You swing at nothing.
You swing at nothing.
You swing at nothing.
You swing at nothing.
You swing at nothing.
You swing at nothing.
You swing at nothing.
You swing at nothing.
You swing at nothing.
You swing at nothing.
You swing at nothing.
You swing at nothing.
You swing at nothing.
You swing at nothing.
Wield which item (- for none, * to show all)? (? for menu, Esc to quit)
Okay, then.
Adjust (i)tems, (s)pells, or (a)bilities?
Adjust which item? (? for menu, Esc to quit)
Okay, then.
Adjust (i)tems, (s)pells, or (a)bilities?
Adjust which item? (? for menu, Esc to quit)
Okay, then.
Wield which item (- for none, * to show all)? (? for menu, Esc to quit)
f - a bread ration (in hand) Wield which item (- for none, * to show all)? (? for menu, Esc to quit)
a - a +0 club (weapon)
You swing at nothing.
Adjust (i)tems, (s)pells, or (a)bilities?
Adjust which item? (? for menu, Esc to quit)
e - a hunting sling Adjust to which letter? (? for menu, Esc to quit)
b - a hunting sling;
e - the Collected Works on Toxins You swing at nothing.
Wield which item (- for none, * to show all)? (? for menu, Esc to quit)
b - a +0 hunting sling (weapon)
Wield which item (- for none, * to show all)? (? for menu, Esc to quit)
a - a +0 club (weapon)
Found 9 gold pieces.
Found a dagger and 2 bread rations.
f - 2 bread rations (gained 1) Autopickup is now off.
You see here a meat ration.
g - a meat ration
Found 18 gold pieces.
You see here 9 gold pieces.
You now have 9 gold pieces.
You see here a bread ration.
f - 3 bread rations (gained 1)
A leopard gecko comes into view.
The leopard gecko hisses angrily.
You see here 18 gold pieces.
You now have 27 gold pieces (gained 18).
Casting: Sandblast
Confirm with . or Enter, or press ? or * to list all spells.
Aiming: Sandblast
Press: ? - help, Shift-Dir - straight line, f - leopard gecko
Aim: a leopard gecko (clinging)
The blast of sand misses the leopard gecko.
You hit the leopard gecko.
The leopard gecko is severely wounded.
The leopard gecko barely misses you. The leopard gecko bites you.
You barely miss the leopard gecko.
The leopard gecko is severely wounded.
The leopard gecko bites you.
* * * LOW HITPOINT WARNING * * *
You closely miss the leopard gecko.
The leopard gecko is severely wounded.
The leopard gecko bites you.
* * * LOW HITPOINT WARNING * * *
The leopard gecko barely misses you.
You hit the leopard gecko but do no damage.
The leopard gecko is severely wounded.
The leopard gecko bites you.
You die...

. ############...
..l............
#########l.#
..........@# ..
#####...#.###.
#######..##.#..
........###...#
#######.#####.### #
######.........##..
...................
####)..........#...
########.............


You could see a leopard gecko.

Vanquished Creatures
  A hobgoblin (D:1)
1 creature vanquished.

Notes
Turn   | Place    | Note
-------+----------+-------------------------------------------
     0 | D:1      | tidbits the High Elf Wanderer began the quest for the Orb.
     0 | D:1      | tidbits set off with: a book of Geomancy, the Collected Works on Toxins, a +0 robe, a +0 club, a bread ration
     0 | D:1      | Reached XP level 1. HP: 11/11 MP: 4/4
     0 | D:1      | Identified the Collected Works on Toxins
     2 | D:1      | Learned a level 1 spell: Sandblast
     4 | D:1      | Noticed a ghoul
     4 | D:1      | Noticed a tengu
     6 | D:1      | Noticed a vine stalker
     8 | D:1      | Noticed an ogre
     8 | D:1      | Noticed an octopode
    10 | D:1      | Noticed a gargoyle
    12 | D:1      | Noticed a demonspawn
    12 | D:1      | Noticed a felid
    14 | D:1      | Noticed a formicid
    14 | D:1      | Noticed a spriggan
    16 | D:1      | Noticed a demigod
    16 | D:1      | Noticed a halfling
    18 | D:1      | Noticed a naga
    18 | D:1      | Noticed an elf
    20 | D:1      | Noticed a merfolk
    20 | D:1      | Noticed a human
    22 | D:1      | Noticed a draconian
    22 | D:1      | Noticed a minotaur
    24 | D:1      | Noticed a troll
    26 | D:1      | Noticed a centaur
    26 | D:1      | Noticed a dwarf
    28 | D:1      | Noticed a vampire
   116 | D:1      | Slain by a leopard gecko

Action                   || total
-------------------------++-------
Melee: Club              ||     8
 Cast: Sandblast         ||     2
Dodge: Dodged            ||     5

Table legend:
 A = Turns spent in this place as a percentage of turns spent in the entire game.
 B = Non-inter-level travel turns spent in this place as a percentage of non-inter-level travel turns spent in the entire game.
 C = Inter-level travel turns spent in this place as a percentage of turns spent in this place.
 D = Turns resting spent in this place as a percentage of non-inter-level travel turns spent in this place.
 E = Turns spent auto-exploring this place as a percentage of non-inter-level travel turns spent in this place.
 F = Non-inter-level travel turns spent in this place divided by the number of levels of this place that you've seen.
                   A       B       C       D       E      F
               +-------+-------+-------+-------+-------+----------------------
         Total | 100.0 | 100.0 |   0.0 |   0.0 |   0.0 | 114.0
       Dungeon | 100.0 | 100.0 |   0.0 |   0.0 |   0.0 | 114.0
               +-------+-------+-------+-------+-------+----------------------

Table legend:
 A = Kills in this place as a percentage of kills in entire the game.
 B = Kills by you in this place as a percentage of kills by you in the entire game.
 C = Kills by friends in this place as a percentage of kills by friends in the entire game.
 D = Other kills in this place as a percentage of other kills in the entire game.
 E = Experience gained in this place as a percentage of experience gained in the entire game.
 F = Experience gained in this place divided by the number of levels of this place that you have seen.
                   A       B       C       D       E      F
               +-------+-------+-------+-------+-------+----------------------
         Total | 100.0 | 100.0 |  -nan |  -nan | 100.0 |   2.0
       Dungeon | 100.0 | 100.0 |  -nan |  -nan | 100.0 |   2.0
               +-------+-------+-------+-------+-------+----------------------

Vault maps used:
D:1:      kb_arrival_jail
